 Dungeon Crawl Stone Soup version 0.30.0-10-gfe55d96785 (webtiles) character file.

Game seed: 15649332936569264442

155 NinjaNoafa the Charlatan (level 5, -8/41 HPs)
             Began as a Merfolk Artificer on May 15, 2023.
             Killed by divine providence
             ... invoked by an orc priest
              (10 damage)
             ... on level 3 of the Dungeon.
             The game lasted 00:04:32 (2664 turns).

NinjaNoafa the Charlatan (Merfolk Artificer)        Turns: 2664, Time: 00:04:32

Health: -8/41      AC:  4    Str: 18    XL:     5   Next: 37%
Magic:  5/5        EV: 15    Int: 13    God:
Gold:   142        SH:  0    Dex: 27    Spells: 4/4 levels left

rFire   . . .        a - +2 falchion (protect)
rCold   . . .        (no shield)
rNeg    . . .        s - +0 leather armour
rPois   +            o - +0 helmet
rElec   .            (no cloak)
rCorr   .            (no gloves)
SInv    .            (no boots)
Will    .....        m - amulet of magic regeneration
Stlth   ++           f - +6 ring of dexterity
HPRegen 0.26/turn    k - ring "Zemniymu" {Drain rPois Str+6 Int+3 Dex+4}
MPRegen 0.49/turn

%: no passive effects
@: no status effects
A: (nimble swimmer 2), mertail
a: no special abilities


You were on level 3 of the Dungeon.
You visited 1 branch of the dungeon, and saw 4 of its levels.

You collected 142 gold pieces.

Inventory:

Hand Weapons
 a - a +2 falchion of protection (weapon)
 b - a +0 long sword
Missiles
 g - 2 poisoned darts
Armour
 o - a +0 helmet (worn)
 s - a +0 leather armour (worn)
Jewellery
 f - a +6 ring of dexterity (left hand)
 k - the ring "Zemniymu" (right hand) {Drain rPois Str+6 Int+3 Dex+4}
   (You found it on level 2 of the Dungeon)

   [ring of strength]

   Str:       It affects your strength (+6).
   Int:       It affects your intelligence (+3).
   Dex:       It affects your dexterity (+4).
   rPois:     It protects you from poison.
   Drain:     It drains your maximum health when unequipped.
 m - an amulet of magic regeneration (around neck)
Wands
 c - a wand of flame (12) (quivered)
 d - a wand of charming (14)
 e - a wand of iceblast (5)
Scrolls
 h - 2 scrolls of amnesia {unknown}
 j - 3 scrolls of identify {unknown}
 l - a scroll of blinking {unknown}
 r - 2 scrolls of poison {unknown}
 t - a scroll of magic mapping {unknown}
 u - 3 scrolls of immolation {unknown}
 w - a scroll of enchant armour {unknown}
Potions
 i - a potion of brilliance {unknown}
 n - a potion of curing {unknown}
 p - a potion of lignification {unknown}
 q - a potion of mutation {unknown}
 v - a potion of flight {unknown}


   Skills:
 - Level 3.6 Fighting
 - Level 0.2 Long Blades
 - Level 0.6 Armour
 - Level 3.9 Dodging
 - Level 1.1 Stealth
 + Level 4.3 Evocations


You had 4 spell levels left.
You didn't know any spells.
Your spell library contained the following spells:

 Spells                   Type           Power      Damage    Failure   Level
 Kiss of Death            Conj/Necr      0%         2d5       36%         1
 Blink                    Tloc           0%         N/A       50%         2
 Lesser Beckoning         Tloc           0%         N/A       50%         2
 Momentum Strike          Conj/Tloc      0%         3d8       50%         2
 Confusing Touch          Hex            0%         N/A       73%         3
 Dispel Undead            Necr           0%         3d6       98%         4


Dungeon Overview and Level Annotations

Branches:
Dungeon (4/15) Zot: 21305
 Temple: D:4-7

Altars:
Okawaru
Ru
Sif Muna

Shops:
D:1 *   D:3 (

Annotations:
D:3 2 transporters
D:4 Blork the orc, Ijyb


Innate Abilities, Weirdness & Mutations

((You are very nimble when in or above water. (Stealth+, EV+, Speed+++)))
Your lower body shifts to a powerful aquatic tail in water.


Message History

There is a stone staircase leading up here.
The orc hits you but does no damage. The orc barely misses you.
The orc priest misses you.
You climb upwards.
Level annotation: 2 transporters
There is a stone staircase leading down here.
You slash the orc priest!
Your weapon exudes an aura of protection.
The orc priest is heavily wounded.
The orc closely misses you.
The orc priest calls down the wrath of Beogh upon you.
Beogh smites you!
* * * LOW HITPOINT WARNING * * *
The orc priest mumbles some strange prayers to Beogh against you.
You barely resist. The orc hits you but does no damage.
You closely miss the orc priest.
The orc priest is heavily wounded.
The orc priest mumbles some strange prayers to Beogh against you.
Beogh smites you!
* * * LOW HITPOINT WARNING * * *
The orc closely misses you.
You closely miss the orc priest.
The orc priest is heavily wounded.
The orc priest closely misses you. The orc closely misses you.
Unknown command.
Unknown command.
Okay, then.
Unknown command.
You barely miss the orc priest.
The orc priest is heavily wounded.
The orc misses you.
The orc priest hits you with a +0 hand axe.
* * * LOW HITPOINT WARNING * * *
Aiming: Charm
Press: ? - help, Shift-Dir - straight line, f - orc
Aim: an orc, wielding a +0 club (chance to affect: 76%)
The orc is charmed.
The orc priest invokes the aid of Beogh against you.
Beogh smites you!
You die...

####. #..'ยง #..'. #..'.
#######.##. #.......##.
#.......###
##########.......###
#..@o............#
#.o..............#
#...........########
#...........#.......
#^..........#.......
#...........'.......
#...........#.......
#...........########
#######...........'.......


You could see an orc priest and a friendly orc (charmed).

Vanquished Creatures
  Jessica (D:3)
  An orc wizard (D:3)
  Robin (D:3)
  3 adders
  A worm (D:2)
  3 dart slugs
  3 orcs (D:3)
  3 bats
  3 endoplasms
  14 goblins
  5 hobgoblins
  3 jackals (D:2)
  4 kobolds
  2 quokkas
  2 ball pythons (D:1)
  A frilled lizard (D:1)
  5 rats
55 creatures vanquished.

Notes
Turn   | Place    | Note
-------+----------+-------------------------------------------
     0 | D:1      | NinjaNoafa the Merfolk Artificer began the quest for the
                  | Orb.
     0 | D:1      | Reached XP level 1. HP: 15/15 MP: 1/1
   138 | D:1      | Reached XP level 2. HP: 16/22 MP: 2/2
   592 | D:1      | Found Miexit's Assorted Antiques.
   664 | D:2      | Identified the ring "Zemniymu" {Drain rPois Str+6 Int+3
                  | Dex+4}
   789 | D:2      | Reached XP level 3. HP: 19/28 MP: 3/3
   975 | D:2      | Found a faded altar of an unknown god.
  1523 | D:3      | Found a sacrificial altar of Ru.
  1576 | D:3      | Found a transporter.
  1607 | D:3      | Found a transporter.
  1634 | D:3      | Noticed Robin
  1657 | D:3      | Reached XP level 4. HP: 17/35 MP: 4/4
  1665 | D:3      | Killed Robin
  1697 | D:3      | Noticed Jessica
  1711 | D:3      | Killed Jessica
  1912 | D:3      | Found an iron altar of Okawaru.
  2051 | D:3      | Found Cuqeh's Weapon Emporium.
  2151 | D:3      | Found a shimmering blue altar of Sif Muna.
  2292 | D:4      | Noticed Ijyb
  2292 | D:4      | Noticed Blork the orc
  2355 | D:4      | Reached XP level 5. HP: 33/41 MP: 5/5
  2379 | D:4      | Reached skill level 4 in Evocations
  2614 | D:4      | Noticed an orc warrior
  2663 | D:3      | HP: 2/41 [orc priest/+0 hand axe (4)]
  2664 | D:3      | Killed from afar by an orc priest

Illustrated notes

Levels and vault maps discovered:
D:1:      erik_arrival_triangle_small, layout_basic, serial_shops, shop
D:2:      layout_basic, dreamdust_ecumenical_altar_grove
D:3:      gammafunk_steamed_eel, layout_basic, mainiacjoe_overflow_alcove_4,
          nicolae_sif_muna_little_library, mainiacjoe_overflow_tiny_flanked,
          serial_shops, nicolae_shop_hallway_plus, hangedman_decor_opposing,
          uniq_robin, uniq_jessica
D:4:      layout_basic, nicolae_uskayaw_dance_hall, makhleb_altar_promises_db,
          serial_shops, shop, uniq_ijyb, uniq_blork_the_orc, uniq_grinder

Skill      XL: |  1  2  3  4  5 |
---------------+----------------+-----
Dodging        | 3 |  3.9
Fighting       | 2 3 |  3.6
Evocations     | 4 |  4.3
Long Blades    | |  0.2
Armour         | |  0.6
Stealth        | |  1.1

Action                     |  1- 3 |  4- 6 || total
---------------------------+-------+-------++-------
  Melee: Club              |    14 |       ||    14
         Dagger            |    61 |       ||    61
         Short sword       |    48 |       ||    48
         Long sword        |    19 |    33 ||    52
         Falchion          |       |    24 ||    24
  Evoke: Wand              |     3 |     1 ||     4
   Stab: Sleeping          |     3 |       ||     3
 Armour: Leather armour    |    32 |    25 ||    57
  Dodge: Dodged            |   129 |    64 ||   193
